 Dungeon Crawl Stone Soup version 0.29-a0-577-gafbf2c5d25 (webtiles) character file.

Game seed: 6515809191814407495

5 DocClef the Sneak (level 1, -5/19 HPs)
             Began as a Draconian Delver on June 13, 2022.
             Slain by a sky beast (6 damage)
             ... on level 6 of the Dungeon.
             The game lasted 00:00:12 (229 turns).

DocClef the Sneak (Draconian Delver)                 Turns: 229, Time: 00:00:12

Health: -5/19      AC:  4    Str: 14    XL:     1   Next: 66%
Magic:  1/1        EV: 12    Int: 10    God:
Gold:   0          SH:  0    Dex: 12    Spells: 0/0 levels left

rFire   . . .      SeeInvis .   a - +0 short sword
rCold   . . .      Faith    .   (no shield)
rNeg    . . .      Spirit   .   (body armour unavailable)
rPois   .          Reflect  .   (helmet restricted)
rElec   .          Harm     .   (no cloak)
rCorr   .          Rampage  .   (no gloves)
Will    .....                   (no boots)
Stlth   +++.......              (no amulet)
HPRegen 0.06/turn               (no ring)
MPRegen 0.07/turn               (no ring)

@: no status effects
A: AC +4, unfitting armour, cold-blooded
a: no special abilities


You were on level 6 of the Dungeon.
You visited 1 branch of the dungeon, and saw 2 of its levels.

Inventory:

Hand Weapons
 a - a +0 short sword (weapon)
Wands
 f - a wand of digging (3)
Scrolls
 b - a scroll of fog
 c - a scroll of magic mapping
 d - a scroll of fear
 g - a scroll of identify {unknown}
 h - a scroll of teleportation {unknown}
Potions
 e - a potion of haste


   Skills:
 + Level 3.4 Fighting
 + Level 2.1 Short Blades
 + Level 1.9 Dodging
 + Level 4.6 Stealth


You couldn't memorise any spells.
You didn't know any spells.
Your spell library was empty.

Dungeon Overview and Level Annotations

Branches:
Dungeon (6/15)
 Temple: D:4-7

Altars:


Innate Abilities, Weirdness & Mutations

Your plain brown scales are hard. (AC +4)
You cannot fit into any form of body armour.
You are cold-blooded and may be slowed by cold attacks.


Message History

You climb downwards.
There is a stone staircase leading up here.
HP restored.
Found a leather armour.
A sky beast comes into view.
Found a stone staircase leading down.
A sky beast is nearby!
A sky beast is nearby!
You hit the sky beast but do no damage.
Your tail-slap misses the sky beast.
The sky beast barely misses you.
You closely miss the sky beast.
Your tail-slap misses the sky beast.
The sky beast hits you. The sky beast shocks you.
You hit the sky beast but do no damage.
The sky beast hits you but does no damage.
You barely miss the sky beast. You tail-slap the sky beast.
The sky beast is lightly wounded.
The sky beast misses you.
You barely miss the sky beast.
Your tail-slap misses the sky beast.
The sky beast is lightly wounded.
The sky beast barely misses you.
You closely miss the sky beast. You tail-slap the sky beast.
The sky beast is lightly wounded.
The sky beast closely misses you.
Unknown command.
You hit the sky beast.
The sky beast is moderately wounded.
The sky beast hits you. The sky beast shocks you.
* * * LOW HITPOINT WARNING * * *
You miss the sky beast.
The sky beast is moderately wounded.
The sky beast barely misses you.
You closely miss the sky beast.
The sky beast is moderately wounded.
The sky beast barely misses you.
You hit the sky beast but do no damage.
The sky beast is moderately wounded.
The sky beast hits you.
* * * LOW HITPOINT WARNING * * *
The sky beast shocks you.
You die...

#######.###.# #.# #.#
#.# #.# #.# #.# #.#
#.######## #.#
#......... #.#
#.#######. #.#
#.#######. #.#
#.@Y...... ########.#
###.>.....
#........#####..####.
####.#..........#
#.#..........#
#.#........[..
#.#............
#.#.#######.### #.#<#
#


You could see a sky beast.

Vanquished Creatures
  An ufetubus (D:5)
1 creature vanquished.

Notes
Turn   | Place    | Note
-------+----------+-------------------------------------------
     0 | D:5      | DocClef the Draconian Delver began the quest for the Orb.
     0 | D:5      | Reached XP level 1. HP: 19/19 MP: 1/1
    80 | D:5      | Noticed a troll
   218 | D:6      | Noticed a sky beast
   229 | D:6      | Slain by a sky beast

Illustrated notes

Levels and vault maps discovered:
D:5:      layout_loops_ring
D:6:      layout_basic, lemuel_round_altar,
          nicolae_hepliaklqana_monster_ancestors, serial_shops, shop,
          nicolae_shop_gadgets, uniq_sigmund

Action                   || total
-------------------------++-------
Melee: Short sword       ||    16
       Tailslap          ||     2
Armor: Skin              ||     3
Dodge: Dodged            ||    14

Table legend: (Time is in decaauts)
 A = Elapsed time spent in this place.
 B = Non-inter-level travel time spent in this place.
 C = Inter-level travel time spent in this place.
 D = Time resting spent in this place.
 E = Time spent auto-exploring this place.
 F = Levels seen in this place.
 G = Mean time per level.
                   A        B        C        D        E       F      G
               +--------+--------+--------+--------+--------+-----+--------+
         Total |    228 |    228 |      0 |     89 |    107 |   2 |  114.0 |
       Dungeon |    228 |    228 |      0 |     89 |    107 |   2 |  114.0 |
               +--------+--------+--------+--------+--------+-----+--------+

Top non-repeatable levels by time:
     D:5: 121 daAuts
     D:6: 107 daAuts
